 Dungeon Crawl Stone Soup version 0.31-a0-236-g9a0961fb85 (webtiles) character file.

Game seed: 15024079829953086591

30 Iniera the Stinger (level 2, -3/20 HPs)
             Began as a Demigod Venom Mage on July 10, 2023.
             Slain by a goblin
             ... wielding a +0 dagger
             ... led by Robin
              (6 damage)
             ... on level 2 of the Dungeon.
             The game lasted 00:01:42 (1070 turns).

Iniera the Stinger (Demigod Venom Mage)             Turns: 1070, Time: 00:01:43

Health: -3/20      AC:  2    Str:  9    XL:     2   Next: 84%
Magic:  6/7        EV: 12    Int: 17    God:
Gold:   56         SH:  0    Dex: 14    Spells: 2/5 levels left

rFire   . . .        h - +0 dagger
rCold   . . .        (no shield)
rNeg    . . .        a - +0 robe
rPois   .            (no helmet)
rElec   .            (no cloak)
rCorr   .            (no gloves)
SInv    .            (no boots)
Will    .....        (no amulet)
Stlth   ++           (no ring)
HPRegen 0.23/turn    (no ring)
MPRegen 0.10/turn

%: no passive effects
@: no status effects
A: high MP 1, forlorn, divine attributes
a: no special abilities


You were on level 2 of the Dungeon.
You visited 1 branch of the dungeon, and saw 2 of its levels.

You collected 56 gold pieces.

Inventory:

Hand Weapons
 h - a +0 dagger (weapon)
Armour
 a - a +0 robe (worn)
Scrolls
 d - a scroll of teleportation {unknown}
Potions
 b - a potion of magic
 c - a potion of heal wounds {unknown}
 e - a potion of berserk rage {unknown}
 f - a potion of mutation {unknown}
 g - a potion of enlightenment {unknown}
 i - a potion of curing {unknown}
 j - 2 potions of ambrosia


   Skills:
 + Level 2.1 Dodging
 + Level 2.2 Stealth
 + Level 2.0 Spellcasting
 + Level 1.3 Transmutations
 + Level 2.9 Poison Magic


You had 2 spell levels left.
You knew the following spells:

 Your Spells              Type           Power      Damage    Failure   Level
a - Sting                 Tmut/Pois      36%        1d4       8%          1
b - Poisonous Vapours     Pois/Air       12%        N/A       16%         2

Your spell library contained the following spells:

 Spells                   Type           Power      Damage    Failure   Level
 Slow                     Hex            4%         N/A       19%         1
 Mephitic Cloud           Conj/Pois/Air  5%         N/A       36%         3
 Olgreb's Toxic Radiance  Pois           11%        N/A       50%         4


Dungeon Overview and Level Annotations

Branches:
Dungeon (2/15)

Shops:
D:1 !=:*(

Annotations:
D:2 Robin


Innate Abilities, Weirdness & Mutations

You have an increased reservoir of magic. (+10% MP)
You shall have no god before yourself.
Your divine heritage dramatically boosts your attributes as you level up.


Message History

Found 8 gold pieces.
A goblin comes into view. It is wielding a +0 dagger.
Robin roars a battlecry!
The goblins go into a battle-frenzy!
The bat moves out of view.
You hear a shout! x3
A ball python comes into view.
Found a chain mail.
The goblin shouts!
A goblin comes into view. It is wielding a +0 dagger.
A goblin comes into view. It is wielding a +0 club.
A goblin comes into view. It is wielding a +0 dagger.
You hear a shout!
The ball python hisses angrily.
You hit the goblin.
The goblin is heavily wounded.
A hobgoblin comes into view.
You barely miss the goblin.
The goblin is heavily wounded.
The goblin hits you but does no damage.
A goblin comes into view. It is wielding a +0 dagger.
The goblin barely misses you. Robin throws the goblin at you!
The sting hits the goblin.
The goblin is poisoned.
You kill the goblin!
The goblin closely misses you.
A goblin comes into view. It is wielding a +0 dagger.
The goblin hits you with a +0 dagger.
You hit the goblin.
You kill the goblin!
The goblin hits you with a +0 dagger.
Things that are here:
a +0 club; a goblin corpse A bat comes into view.
The bat moves out of view.
Robin throws the goblin at you! The goblin hits you with a +0 dagger.
* * * LOW HITPOINT WARNING * * *
The goblin attacks as you move away! The goblin hits you with a +0 dagger.
* * * LOW HITPOINT WARNING * * *
The goblin hits you with a +0 dagger.
You die...

#### ######### .....
#<.......# . .....
#........# ..
......#........#
..g......#........##
........#..........
.gg.gg.@....(..##
###g###g.g†.......
#...g.##g#.##....
#..#.#S)#g..#..###.
#[#$#.S..........
..#.#..#...b......
##.....##......###.
###.###.......#
..............#


You could see Robin, 8 goblins, a bat (wandering) and a ball python.

Vanquished Creatures
  An endoplasm (D:1)
  A giant cockroach (D:1)
  6 goblins
  A hobgoblin (D:1)
  4 kobolds (D:1)
  A quokka (D:1)
  5 ball pythons
  5 bats
  2 frilled lizards
  A rat (D:1)
27 creatures vanquished.

Notes
Turn   | Place    | Note
-------+----------+-------------------------------------------
     0 | D:1      | Iniera the Demigod Venom Mage began the quest for the Orb.
     0 | D:1      | Reached XP level 1. HP: 14/14 MP: 5/5
    57 | D:1      | Reached skill level 1 in Transmutations
    78 | D:1      | Found Vobuah's Jewellery Shoppe.
   147 | D:1      | Found Obihek's Distillery.
   281 | D:1      | Found Kylanniu's Assorted Antiques.
   285 | D:1      | Reached XP level 2. HP: 20/20 MP: 5/7
   380 | D:1      | Learned a level 2 spell: Poisonous Vapours
   399 | D:1      | Got Plato's Directory of Curses
   448 | D:1      | Found Hamaejegh's Antique Weapon Shop.
   908 | D:1      | Found Lur Lostyl's Book Emporium.
  1059 | D:2      | Noticed Robin
  1070 | D:2      | Slain by a goblin

Illustrated notes

Levels and vault maps discovered:
D:1:      dpeg_arrival_tiny_f, layout_rooms,
          shapermc_ecumenical_altar_rom_forum, serial_shops,
          nicolae_shop_advertising_works [nicolae_subvault_shop_adworks],
          nicolae_shop_tiny_statue_garden, shop, shop, shop,
          minmay_misc_feat_nine_boxes
D:2:      layout_rooms, amcnicky_mini_pool_small, minmay_box_of_dots, uniq_robin

Skill      XL: |  1  2 |
---------------+-------+-----
Transmutations | 1 |  1.3
Stealth        | 2 |  2.2
Dodging        | 2 |  2.1
Spellcasting   | 2 |  2.0
Poison Magic   | |  2.9

Action                     || total
---------------------------++-------
  Melee: Unarmed           ||     5
         Dagger            ||    11
   Cast: Sting             ||    45
    Use: Scroll            ||     5
 Armour: Robe              ||     4
  Dodge: Dodged            ||    35

Table legend: (Time is in decaauts)
 A = Elapsed time spent in this place.
 B = Non-inter-level travel time spent in this place.
 C = Inter-level travel time spent in this place.
 D = Time resting spent in this place.
 E = Time spent auto-exploring this place.
 F = Levels seen in this place.
 G = Mean time per level.
                   A        B        C        D        E       F      G
               +--------+--------+--------+--------+--------+-----+--------+
         Total |   1069 |   1058 |     11 |     41 |    845 |   2 |  534.5 |
       Dungeon |   1069 |   1058 |     11 |     41 |    845 |   2 |  534.5 |
               +--------+--------+--------+--------+--------+-----+--------+

Top non-repeatable levels by time:
     D:1: 944 daAuts
     D:2: 124 daAuts
